cohdb
Replays
Latest Replays
All Replays
Popular Replays
Top Player Replays
Match Explorer
How It Works
Community
CoH3 Stats
Reddit
Sign in to upload your games and track your stats! →
Sign in with Steam
Match 42535633
Unlisted
Match 42535633
Overview
Messages
Build Orders
End
Selects Canadian Shock Battlegroup
Royal Engineer Section
Construct Section Command Post
Dingo Light Scout Car
Infantry Section
Infantry Section
Selects Attacking Spirit
Selects Canadian Shock Section
Canadian Shock Section
Construct Field Infirmary
Construct Platoon Command Post
Canadian Shock Section
Selects Incendiary Munitions
Selects Pyrotechnics
Selects Incendiary Munitions
Selects Pyrotechnics
Humber Armored Car
Infantry Training
Unlock M3 Stuart Light Tanks
M3 Stuart Light Tank
Selects Churchill Crocodile Heavy Tank
Churchill Crocodile Heavy Tank
Armored Vehicle Training
Selects Smoke Operation
Canadian Shock Section
Canadian Shock Section
DeeplyGoo
Trion
0
0
Comments
sign in to comment!
No comments posted yet!